 Dungeon Crawl Stone Soup version 0.31-a0-841-g038b102fc3 (webtiles) character file.

Game seed: 6183114080053385060

30 Kurtz the Chopper (level 3, -1/26 HPs)
             Began as an Octopode Fighter on Sept 27, 2023.
             Slain by an adder (2 damage)
             ... on level 2 of the Dungeon.
             The game lasted 00:00:32 (586 turns).

Kurtz the Chopper (Octopode Fighter)                 Turns: 586, Time: 00:00:32

Health: -1/26      AC:  1    Str: 17    XL:     3   Next: 20%
Magic:  3/3        EV: 13    Int: 10    God:
Gold:   63         SH:  4    Dex: 11    Spells: 2/2 levels left

rFire   . . .        a - +0 war axe
rCold   . . .        b - +0 buckler
rNeg    . . .        (helmet restricted)
rPois   .            (no amulet)
rElec   .            (no ring)
rCorr   .            (no ring)
SInv    .            (no ring)
Will    .....        (no ring)
Stlth   ++           (no ring)
HPRegen 0.24/turn    (no ring)
MPRegen 0.08/turn    (no ring)
                     (no ring)

%: no passive effects
@: lethally poisoned (-1 -> -10)
A: almost no armour, amphibious, 8 rings, camouflage 1, gelatinous body 1,
(nimble swimmer 1), tentacles
a: no special abilities


You were on level 2 of the Dungeon.
You visited 1 branch of the dungeon, and saw 2 of its levels.

You collected 63 gold pieces.

Inventory:

Hand Weapons
 a - a +0 war axe (weapon)
Missiles
 e - 5 boomerangs
Armour
 b - a +0 buckler (worn)
Jewellery
 g - an amulet of reflection
Scrolls
 f - a scroll of revelation {unknown}
 h - a scroll of teleportation {unknown}
 i - a scroll of torment {unknown}
 l - a scroll of immolation {unknown}
 m - a scroll of blinking {unknown}
Potions
 c - a potion of might
 d - a potion of curing {unknown}
 j - a potion of invisibility {unknown}
 k - a potion of mutation {unknown}


   Skills:
 - Level 3.0 Fighting
 * Level 3.5 Axes
 - Level 3.0 Dodging
 - Level 3.0 Shields


You had 2 spell levels left.
You didn't know any spells.
Your spell library contained the following spells:

 Spells                   Type           Power      Damage    Failure   Level
 Summon Small Mammal      Summ           0%         N/A       43%         1
 Call Canine Familiar     Summ           0%         N/A       82%         3
 Summon Guardian Golem    Hex/Summ       0%         N/A       82%         3
 Simulacrum               Ice/Necr       0%         N/A       100%        6
 Ozocubu's Refrigeration  Ice            0%         4d7       100%        7
 Polar Vortex             Ice            0%         N/A       100%        9


Dungeon Overview and Level Annotations

Branches:
Dungeon (2/15)

Altars:


Innate Abilities, Weirdness & Mutations

You cannot wear most types of armour.
You are amphibious.
You can wear up to eight rings at the same time.
Your skin changes colour to match your surroundings (Stealth+).
Your rubbery body absorbs attacks. (AC +1, EV +1)
((You are camouflaged when in or above water. (Stealth+)))
You have tentacles for arms and can constrict up to eight enemies at once.


Message History

You tentacle-slap the adder, but do no damage.
Your squeeze misses the adder.
The adder is almost dead.
You closely miss the adder.
You feel sick. You block the adder's attack.
The adder closely misses you. x2; The adder barely misses you.
There are monsters nearby!
You barely miss the adder. Your grab misses the adder.
Your squeeze misses the adder.
The adder is almost dead.
You barely miss the adder.
You feel sick. The adder bites you. The adder barely misses you.
You block the adder's attack. The adder misses you.
You slash the adder!
You kill the adder!
You miss the adder.
You feel sick.
You are no longer poisoned.
The adder bites you.
You have reached level 3!
Your experience leads to an increase in your attributes!
Increase (S)trength, (I)ntelligence, or (D)exterity?
You feel stronger. x2
You hit the adder. Your grab misses the adder. You squeeze the adder.
The adder is heavily wounded.
The adder barely misses you. The adder bites you.
You are poisoned.
The adder poisons you!
You hit the adder but do no damage. You grab the adder.
The adder is heavily wounded.
You constrict the adder.
You feel sick. The adder barely misses you. The adder bites you.
* * * LOW HITPOINT WARNING * * *
You barely miss the adder.
The adder is heavily wounded.
You constrict the adder.
* * * LOW HITPOINT WARNING * * *
You feel sick. The adder bites you.
* * * LOW HITPOINT WARNING * * *
You are more poisoned.
The adder poisons you! The adder bites you.
You die...

... ##....... #.# .
#........ #.# ..
#........ #.# ...
#....... #.# ....
#.....# ######<#
......#.....# #....#.#
......#.....####....#.#
......S@....+.......#.#
......#.....###.....#†#
......#.....# #.....#.##
............###..)......
.....#..............#.##
........................
..#####.###..##.#####.##
#.......#.# #.#
#.......... ..#


You could see an adder.

Vanquished Creatures
  An adder (D:2)
  A ball python (D:1)
  5 bats (D:1)
  3 giant cockroaches (D:1)
  A hobgoblin (D:1)
  3 kobolds
  A quokka (D:1)
  4 frilled lizards
  3 rats (D:1)
22 creatures vanquished.

Notes
Turn   | Place    | Note
-------+----------+-------------------------------------------
     0 | D:1      | Kurtz the Octopode Fighter began the quest for the Orb.
     0 | D:1      | Reached XP level 1. HP: 16/16 MP: 1/1
   125 | D:1      | Found a faded altar of an unknown god.
   135 | D:1      | Reached XP level 2. HP: 21/21 MP: 2/2
   584 | D:2      | Reached XP level 3. HP: 15/26 MP: 3/3
   586 | D:2      | HP: 1/26 [adder (3)]
   586 | D:2      | Slain by an adder

Illustrated notes

Levels and vault maps discovered:
D:1:      lordsloth_arrival_two_stooges, layout_basic, basic_ecumenical_altar
D:2:      layout_basic, guppyfry_early_orc_mine

Skill      XL: |  1  2 |
---------------+-------+-----
Axes           | 3 |  3.5
Fighting       | |  3.0
Dodging        | |  3.0
Shields        | |  3.0

Action                     || total
---------------------------++-------
  Melee: War axe           ||    49
         Constrict         ||    11
         Tentacles         ||     7
         Punch             ||     3
   Stab: Sleeping          ||     5
 Armour: Skin              ||    26
  Dodge: Dodged            ||    30
  Block: Buckler           ||     8

Table legend: (Time is in decaauts)
 A = Elapsed time spent in this place.
 B = Non-inter-level travel time spent in this place.
 C = Inter-level travel time spent in this place.
 D = Time resting spent in this place.
 E = Time spent auto-exploring this place.
 F = Levels seen in this place.
 G = Mean time per level.
                   A        B        C        D        E       F      G
               +--------+--------+--------+--------+--------+-----+--------+
         Total |    605 |    585 |     20 |      0 |    425 |   2 |  302.5 |
       Dungeon |    605 |    585 |     20 |      0 |    425 |   2 |  302.5 |
               +--------+--------+--------+--------+--------+-----+--------+

Top non-repeatable levels by time:
     D:1: 554 daAuts
     D:2: 50 daAuts
